 Dungeon Crawl Stone Soup version 0.28.0-43-g3370ac3207 (webtiles) character file.

Game seed: 18094983101151026549

627 issech the Cudgeller (level 7, -13/68 HPs)
             Began as a Troll Monk on Apr 2, 2022.
             Mangled by an orc warrior
             ... wielding a +0 short sword
              (16 damage)
             ... on level 3 of the Dungeon.
             The game lasted 00:11:37 (3093 turns).

issech the Cudgeller (Troll Monk)                   Turns: 3093, Time: 00:11:38

Health: -13/68     AC:  4    Str: 20    XL:     7   Next: 23%
Magic:  15/15      EV: 11    Int: 14    God:
Gold:   17         SH:  0    Dex: 14    Spells: 6/6 levels left

rFire   . . .      SeeInvis .   p - +7 long sword of Wariness {flame, rC+ Int+5}
rCold   + . .      Faith    .   (no shield)
rNeg    + + .      Spirit   .   b - +0 robe
rPois   +          Reflect  .   (helmet restricted)
rElec   .          Harm     .   (no cloak)
rCorr   +          Rampage  .   (gloves unavailable)
Will    .....                   (boots unavailable)
Stlth   ++........              (no amulet)
HPRegen 1.01/turn               o - +6 ring of intelligence
MPRegen 0.14/turn               q - ring "Darghe" {rPois rN++ rCorr MP+9 Int-3}

@: no status effects
A: large, unfitting armour, claws 3, regeneration 1, shaggy fur 1, tough skin 1
a: no special abilities


You were on level 3 of the Dungeon.
You visited 1 branch of the dungeon, and saw 4 of its levels.

You collected 97 gold pieces.
You spent 80 gold pieces at shops.

Inventory:

Hand Weapons
 a - a +0 mace
 i - a +3 dagger
 p - the +7 long sword of Wariness (weapon) {flame, rC+ Int+5}
   (You found it on level 2 of the Dungeon)

   It burns those it strikes, dealing additional fire damage.
   Big, fiery blades are also staple armaments of hydra-hunters.
   Int:       It affects your intelligence (+5).
   rC:        It protects you from cold.
Missiles
 d - 181 stones (quivered)
 e - 3 javelins
 g - 47 bolts
 h - 48 arrows
 v - 4 poisoned darts
Armour
 b - a +0 robe (worn)
Jewellery
 o - a +6 ring of intelligence (left claw)
 q - the ring "Darghe" (right claw) {rPois rN++ rCorr MP+9 Int-3}
   (You bought it in a shop on level 3 of the Dungeon)

   [ring of magical power]

   Int:       It affects your intelligence (-3).
   rPois:     It protects you from poison.
   rN:        It greatly protects you from negative energy.
   MP:        It affects your magic capacity (+9).
   rCorr:     It protects you from acid and corrosion.
Scrolls
 c - a scroll of fear {unknown}
 f - 2 scrolls of teleportation {unknown}
 k - 2 scrolls of immolation
 m - 2 scrolls of identify {unknown}
 s - a scroll of silence {unknown}
 t - a scroll of enchant armour {unknown}
 u - a scroll of acquirement {unknown}
Potions
 j - a potion of brilliance {unknown}
 l - 2 potions of flight {unknown}
 n - 2 potions of heal wounds {unknown}
 r - 2 potions of curing {unknown}


   Skills:
 + Level 3.7 Fighting
 + Level 3.3 Long Blades
 + Level 4.0 Maces & Flails
 + Level 0.8 Throwing
 + Level 3.8 Dodging
 + Level 1.5 Stealth


You had 6 spell levels left.
You didn't know any spells.
Your spell library contained the following spells:

 Spells                   Type           Power      Damage    Failure   Level
 Blink                    Tloc           0%         N/A       41%         2
 Tukima's Dance           Hex            0%         N/A       65%         3
 Passage of Golubria      Tloc           0%         N/A       96%         4
 Manifold Assault         Tloc           0%         N/A       100%        5
 Yara's Violent Unravell  Hex/Tmut       0%         3d3       100%        5
 Storm Form               Tmut/Air       0%         N/A       100%        7


Dungeon Overview and Level Annotations

Branches:
Dungeon (4/15)
 Temple: D:4-7

Altars:
Dithmenos
Ru

Shops:
D:3 *=[:


Innate Abilities, Weirdness & Mutations

You are too large for most types of armour.
You have claws for hands.
Your natural rate of healing is unusually fast.
You are covered in fur. (AC +1)
You have tough skin. (AC +1)


Message History

You hear some strange, mumbled words.
Something tries to affect you, but you resist.
You closely miss the orc warrior. You claw the orc warrior.
The orc warrior is moderately wounded.
The orc warrior hits you with a +0 short sword!
You hit the orc warrior but do no damage.
The orc warrior is moderately wounded.
The orc priest hits you with a +0 falchion!
The orc warrior hits you with a +0 short sword!
Something hits you.
The orc priest calls upon Beogh to heal the orc warrior.
The orc warrior is healed somewhat.
The orc warrior hits you with a +0 short sword!
There is a stone staircase leading up here.
You can't go down here!
The orc warrior hits you with a +0 short sword.
* * * LOW HITPOINT WARNING * * *
Something hits you but does no damage.
You climb upwards.
Reactivating autopickup.
There is a stone staircase leading down here.
You closely miss the orc warrior.
The orc warrior is lightly wounded.
The orc warrior hits you with a +0 short sword.
* * * LOW HITPOINT WARNING * * *
Something barely misses you.
You slash the orc warrior! You burn the orc warrior.
The orc warrior is moderately wounded.
The orc warrior barely misses you. Something hits you but does no damage.
Deactivating autopickup; reactivate with Ctrl-A.
The orc warrior hits you with a +0 short sword.
* * * LOW HITPOINT WARNING * * *
You hit the orc warrior. You burn the orc warrior.
The orc warrior is severely wounded.
You hear some strange, mumbled words.
A puff of flame appears from out of thin air!
The puff of flame hits you!
* * * LOW HITPOINT WARNING * * *
The orc warrior hits you with a +0 short sword!
You die...

.# #############....# #.#.# # .#
#................######.#.# # .#
#.....#####.............#.#### .#
#..8.##...##.8..#########..... .#
#...##....⌠##...# ##'### .#
#..##..._..###..######## #)#≈# .#
#.##......⌠#.##........###.###
.###.#.......##..#.######.'..∩..'
.....'...#####.{@#.# #####.###
.....#..##.....o.#.# #.≈#.# #
.###.##.#⌠......##.#######.##'#
.# #..###.._...##........#.##.###
.# #...##⌠....##....####.#.##....
.# #..8.##...##.8...# #.#.####.#
.# #.....#####......# #.#.####.#
.# #...)............# #.#......#
.#######..#.##...#### #.########


You could see an orc warrior.

Vanquished Creatures
  Menkaure (D:4)
  An ice beast (D:3)
  A black bear (D:4)
  A necrophage (D:4)
  Jessica (D:3)
  An iguana (D:4)
  Terence (D:2)
  An orc wizard (D:3)
  4 adders
  A worm (D:2)
  5 orcs (D:4)
  7 ball pythons
  7 endoplasms
  A giant cockroach (D:1)
  5 goblins
  11 hobgoblins
  16 jackals
  7 kobolds
  6 quokkas
  5 bats
  5 frilled lizards
  11 rats
99 creatures vanquished.

Notes
Turn   | Place    | Note
-------+----------+-------------------------------------------
     0 | D:1      | issech the Troll Monk began the quest for the Orb.
     0 | D:1      | Reached XP level 1. HP: 22/22 MP: 0/0
   101 | D:1      | Reached skill level 3 in Maces & Flails
   101 | D:1      | Reached XP level 2. HP: 27/29 MP: 1/1
   417 | D:1      | Reached XP level 3. HP: 36/36 MP: 2/2
  1209 | D:2      | Reached XP level 4. HP: 44/44 MP: 3/3
  1368 | D:2      | Noticed Terence
  1389 | D:2      | HP: 1/44 [Terence/+0 trident (5)]
  1391 | D:2      | Killed Terence
  1621 | D:2      | Identified the +7 long sword of Wariness {flame, rC+ Int+5}
  1804 | D:3      | Found a faded altar of an unknown god.
  1911 | D:3      | Found Luwua's Book Shop.
  1929 | D:3      | Noticed an ice beast
  1938 | D:3      | Killed an ice beast
  1939 | D:3      | Reached skill level 1 in Long Blades
  1939 | D:3      | Reached XP level 5. HP: 41/53 MP: 4/4
  1956 | D:3      | Found Ipamar's Jewellery Shop.
  1981 | D:3      | Noticed Jessica
  1984 | D:3      | Found Veapienk's Assorted Antiques.
  1989 | D:3      | Killed Jessica
  1990 | D:3      | Reached skill level 4 in Maces & Flails
  1995 | D:3      | Bought a warped copper ring for 80 gold pieces
  1995 | D:3      | Identified the ring "Darghe" {rPois rN++ rCorr MP+9 Int-3}
                  | (You bought it in a shop on level 3 of the Dungeon)
  2083 | D:3      | Found a sacrificial altar of Ru.
  2325 | D:3      | Found Muxzex's Antique Armour Boutique.
  2372 | D:3      | Reached XP level 6. HP: 46/61 MP: 5/5
  2512 | D:3      | Found a faded altar of an unknown god.
  2517 | D:3      | Found a shadowy altar of Dithmenos.
  2845 | D:4      | Noticed Menkaure
  2868 | D:4      | Killed Menkaure
  2960 | D:4      | Reached XP level 7. HP: 66/68 MP: 6/6
  3093 | D:3      | HP: 3/68 [something/puff of flame (10)]
  3093 | D:3      | Mangled by an orc warrior

Illustrated notes

Levels and vault maps discovered:
D:1:      psy_arrival_whirlpool, layout_loops_ring
D:2:      layout_loops_cross, grunt_ministairs_15, hangedman_decor_push,
          minmay_cupped, uniq_terence
D:3:      layout_loops_ring, nicolae_overflow_ecumenical_swirl,
          nicolae_ru_great_annihilating_truth,
          hellmonk_ecumenical_altar_blasted, serial_shops,
          nicolae_shop_competitors_out_of_business, shop, shop,
          nicolae_shop_hallway_plus, uniq_jessica
D:4:      layout_cave_pools, uniq_menkaure, uniq_grinder

Skill      XL: |  1  2  3  4  5  6 |
---------------+-------------------+-----
Maces & Flails | 3 4 |  4.0
Dodging        | 3 |  3.8
Fighting       | 3 |  3.7
Long Blades    | 1 3 |  3.3
Throwing       | |  0.8
Stealth        | |  1.5

Action                   |  1- 3 |  4- 6 |  7- 9 || total
-------------------------+-------+-------+-------++-------
Melee: Mace              |   169 |    19 |       ||   188
       Punch             |     1 |     1 |     1 ||     3
       Long sword        |       |    79 |    17 ||    96
Throw: Stone             |     5 |     5 |       ||    10
       Javelin           |     2 |     4 |       ||     6
 Stab: Sleeping          |     1 |       |       ||     1
       Paralysed         |       |     1 |       ||     1
Armor: Robe              |    74 |    51 |     4 ||   129
Dodge: Dodged            |   103 |   106 |     6 ||   215
